 Dungeon Crawl Stone Soup version 0.23-a0-329-g6f3f904 (webtiles) character file.

161 Garbasso the Vexing (level 5, -4/49 HPs)
             Began as a Troll Arcane Marksman on Oct 16, 2018.
             Slain by Sigmund
             ... wielding a +0 scythe
              (12 damage)
             ... on level 3 of the Dungeon.
             The game lasted 00:09:38 (2031 turns).

Garbasso the Vexing (Troll Arcane Marksman)         Turns: 2031, Time: 00:09:39

Health: -4/49      AC:  5    Str: 18    XL:     5   Next: 19%
Magic:  5/5        EV: 10    Int: 10    God:
Gold:   107        SH:  0    Dex: 10    Spells: 2/6 levels left

rFire    . . .     SeeInvis .     - Unarmed
rCold    . . .     Gourm    +   (no shield)
rNeg     . . .     Faith    .   a - +0 robe
rPois    .         Spirit   .   h - +0 hat
rElec    .         Reflect  .   (no cloak)
rCorr    .         Harm     .   (gloves unavailable)
MR       .....                  (boots unavailable)
Stlth    +.........             (no amulet)
HPRegen  0.56/turn              (no ring)
MPRegen  0.09/turn              (no ring)

@: confused
A: large, unfitting armour, claws 3, fast metabolism 3, gourmand, regeneration
1, shaggy fur 1, tough skin 2
a: no special abilities


You were on level 3 of the Dungeon.
You were very full.

You visited 1 branch of the dungeon, and saw 3 of its levels.

You collected 107 gold pieces.

Inventory:

Missiles
 d - 2 throwing nets {=f}
 i - 2 javelins (quivered)
 k - 18 stones
 s - 3 tomahawks
Armour
 a - a +0 robe (worn)
 h - a +0 hat (worn)
Jewellery
 o - an uncursed ring of protection from fire {unknown}
 t - a cursed ring of teleportation {unknown}
Scrolls
 b - 2 scrolls of teleportation {unknown}
 e - a scroll of blinking {unknown}
 g - a scroll of fog {unknown}
 l - a scroll of identify {unknown}
 m - 2 scrolls of amnesia {unknown}
 p - a scroll of immolation {unknown}
 r - 2 scrolls of enchant weapon {unknown}
Potions
 n - 3 potions of mutation {unknown}
 q - 2 potions of might {unknown}
Comestibles
 f - 6 rations
 j - 2 chunks of flesh


   Skills:
 + Level 1.9 Fighting
 - Level 2.4 Throwing
 - Level 1.7 Dodging
 + Level 2.1 Unarmed Combat
 - Level 1.0 Spellcasting
 * Level 2.9 Hexes


You had 2 spell levels left.
You knew the following spells:

 Your Spells              Type           Power        Failure   Level  Hunger
a - Corona                Hex            #......      11%         1    ##.....
b - Portal Projectile     Hex/Tloc       #.....       50%         3    ####...

Your spell library contained the following spells:

 Spells                   Type           Power        Failure   Level  Hunger
 Slow                     Hex            #.......     16%         2    ###....
 Inner Flame              Hex/Fire       #.......     50%         3    ####...
 Cause Fear               Hex            #.........   71%         4    #####..
 Leda's Liquefaction      Hex/Erth       #.........   88%         4    #####..


Dungeon Overview and Level Annotations

Branches:
Dungeon (3/15)

Altars:

Annotations:
D:3 Sigmund


Innate Abilities, Weirdness & Mutations

You are too large for most types of armour.
You have claws for hands.
Your metabolism is lightning-fast.
You like to eat raw meat.
Your natural rate of healing is unusually fast.
You are covered in fur. (AC +1)
You have very tough skin. (AC +2)


Message History

Some of the chunks of flesh in your inventory have rotted away.
Throwing (i - inventory. (/) - cycle)
c - 2 large rocks (quivered)
{=f}
Press: ? - help, Shift-Dir - straight line You throw a large rock {=f}.
Something hits you! Something completely misses you.
Throwing (i - inventory. (/) - cycle)
c - a large rock (quivered)
{=f}
Press: ? - help, Shift-Dir - straight line You throw a large rock {=f}.
The large rock {=f} closely misses the goblin.
The large rock {=f} hits the kobold.
The kobold is severely wounded.
You hear some strange, mumbled words.
You are confused.
Throwing (i - inventory. (/) - cycle)
i - 3 javelins (quivered)
Press: ? - help, Shift-Dir - straight line You throw a javelin.
Something hits you.
You bump into the rock wall.
Something hits you!
* * * LOW HITPOINT WARNING * * *
Something hits you!
You die...

#.#####....###................#
#.# #.....##........)........
#.# #.###..#.................
#.# #.# ##)(.................
#. #.# ###.#............... #.#
#...#.............
#.######..###.....<.##...
#.##.............†)......
##.##.###@###........##...
#.....# #)# #.......)#####
#...### #{# ##.....### #####
#g# ##...## ##K# ...# #.(# ....
#.#.....K. #. .....(( #.
..l....


You could see a goblin and a kobold.

Vanquished Creatures
  Robin (D:2)
  4 adders
  2 oozes (D:2)
  2 worms (D:2)
  3 dart slugs
  A leopard gecko (D:3)
  6 orcs
  4 giant cockroaches
  17 goblins
  8 hobgoblins
  10 jackals
  7 kobolds
  A quokka (D:2)
  5 bats
  5 frilled lizards
  6 rats
82 creatures vanquished.

Notes
Turn   | Place    | Note
-------+----------+-------------------------------------------
     0 | D:1      | Garbasso the Troll Arcane Marksman began the quest for the
                  | Orb.
     0 | D:1      | Reached XP level 1. HP: 18/18 MP: 1/1
   189 | D:1      | Reached skill level 1 in Fighting
   204 | D:1      | Reached XP level 2. HP: 27/27 MP: 2/2
   667 | D:1      | Reached skill level 1 in Unarmed Combat
   805 | D:2      | Reached XP level 3. HP: 33/33 MP: 3/3
  1079 | D:2      | Learned a level 3 spell: Portal Projectile
  1119 | D:2      | Noticed Robin
  1131 | D:2      | Reached XP level 4. HP: 41/41 MP: 4/4
  1137 | D:2      | Killed Robin
  1777 | D:3      | Reached XP level 5. HP: 49/49 MP: 5/5
  1992 | D:3      | Noticed Sigmund
  2031 | D:3      | Slain by Sigmund

Vault maps used:
D:1:      minmay_arrival_arboretum_small
D:2:      uniq_robin
D:3:      first_ration, serial_bayou_pond_a, uniq_sigmund

Skill      XL: |  1  2  3  4  5 |
---------------+----------------+-----
Fighting       | 1 |  1.9
Throwing       | 2 |  2.4
Unarmed Combat | 1 2 |  2.1
Dodging        | |  1.7
Spellcasting   | |  1.0
Hexes          | |  2.9

Action                   |  1- 3 |  4- 6 || total
-------------------------+-------+-------++-------
Melee: Unarmed           |    86 |   116 ||   202
Throw: Stone             |    23 |    50 ||    73
       Tomahawk          |     5 |     4 ||     9
       Javelin           |       |     6 ||     6
       Large rock        |       |     8 ||     8
 Cast: Corona            |     6 |     3 ||     9
  Eat: Chunk             |    16 |     8 ||    24
Armor: Robe              |    31 |    60 ||    91
Dodge: Dodged            |    41 |    74 ||   115

Table legend:
 A = Non-vault XP
 B = Vault XP
 C = Vault XP percentage of total XP
 D = Non-vault monster count
 E = Vault monster count
 F = Vault count percentage of total count
                 A         B        C        D         E       F
            +---------+---------+-------+---------+---------+-------
      Total |     197 |      34 |  14.7 |      71 |      11 |  13.4
            +---------+---------+-------+---------+---------+-------
        D:1 |      40 |       0 |   0.0 |      20 |       0 |   0.0
        D:2 |      92 |      34 |  27.0 |      27 |      11 |  28.9
        D:3 |      65 |       0 |   0.0 |      24 |       0 |   0.0
            +---------+---------+-------+---------+---------+-------
